TOP OF THE 1ST |
Houston Hammertime batting - Pitching for Las Vegas Stars : RHP Ramón Pérez
|
Pitching: RHP Ramón Pérez
|
|
Batting: RHB Domingo Matos
|
0-0: Called Strike 0-1: Called Strike 0-2: Ball 1-2: Strikes out looking
|
Batting: LHB Enrique Valentín
|
0-0: Ball 1-0: Swinging Strike 1-1: Swinging Strike 1-2: Strikes out swinging
|
Batting: RHB Raúl Salas
|
0-0: Ball 1-0: Swinging Strike 1-1: Ball 2-1: Ball 3-1: Base on Balls
|
Batting: RHB Santo Cruz
|
0-0: Ball 1-0: Foul Ball, location: 2F 1-1: Foul Ball, location: 2F 1-2: Fielders Choice at 2nd, U6 (Groundball, 6M)
|
Top of the 1st over - 0 run(s), 0 hit(s), 0 error(s), 1 left on base; Houston 0 - Las Vegas 0 |
BOTTOM OF THE 1ST |
Las Vegas Stars batting - Pitching for Houston Hammertime : RHP Carlos Fernández
|
Pitching: RHP Carlos Fernández
|
|
Batting: RHB Matthieu Vancini
|
0-0: Ground out 6-3 (Groundball, 56)
|
Batting: LHB Eliot Helen
|
0-0: Foul Ball, location: 2F 0-1: Foul Ball, location: 2F 0-2: Ball 1-2: Ball 2-2: Foul Ball, location: 2F 2-2: Ball 3-2: Ground out 1-3 (Groundball, 13)
|
Batting: LHB Mike Mitchell
|
0-0: Called Strike 0-1: Swinging Strike 0-2: Strikes out swinging
|
Bottom of the 1st over - 0 run(s), 0 hit(s), 0 error(s), 0 left on base; Houston 0 - Las Vegas 0 |
TOP OF THE 2ND |
Houston Hammertime batting - Pitching for Las Vegas Stars : RHP Ramón Pérez
|
Batting: RHB Mario Beltrán
|
0-0: Ball 1-0: Ball 2-0: Ball 3-0: Base on Balls
|
Batting: LHB José Villegas
|
0-0: Swinging Strike 0-1: Fielders Choice at 2nd, 3-6 (Groundball, 34)
|
Batting: RHB Aaron Wilson
|
0-0: Ball 1-0: Fly out, F9 (Flyball, 89M)
|
Batting: LHB Fernando Camacho
|
0-0: SINGLE (Line Drive, 89M) José Villegas to second Runner from 2nd tries for 3rd, SAFE, throw made to third
|
Batting: LHB Juan Cabañas
|
0-0: Foul Ball, location: 2F 0-1: Fly out, F9 (Line Drive, 9S)
|
Top of the 2nd over - 0 run(s), 1 hit(s), 0 error(s), 2 left on base; Houston 0 - Las Vegas 0 |
BOTTOM OF THE 2ND |
Las Vegas Stars batting - Pitching for Houston Hammertime : RHP Carlos Fernández
|
Batting: SHB Sloan James
|
0-0: Called Strike 0-1: Ball 1-1: Ground out 4-3 (Groundball, 4)
|
Batting: RHB Xin Zhang
|
0-0: Ball 1-0: Called Strike 1-1: Foul Ball, location: 2F 1-2: Strikes out swinging
|
Batting: LHB Fernando De La Cruz
|
0-0: Ball 1-0: Ball 2-0: Ball 3-0: Called Strike 3-1: Foul Ball, location: 2F 3-2: DOUBLE (Line Drive, 7D)
|
Batting: RHB Bill McGrath
|
0-0: Ball 1-0: Ball 2-0: SINGLE (Groundball, 3) Fernando De La Cruz to third Runner from 3rd tries for Home, SAFE, no throw or cutoff
|
Batting: RHB Orlando García
|
0-0: Ball 1-0: Ball 2-0: Ball 3-0: Ground out 5-3 (Groundball, 56S)
|
Bottom of the 2nd over - 1 run(s), 2 hit(s), 0 error(s), 1 left on base; Houston 0 - Las Vegas 1 |
TOP OF THE 3RD |
Houston Hammertime batting - Pitching for Las Vegas Stars : RHP Ramón Pérez
|
Batting: RHB Domingo Matos
|
0-0: Ball 1-0: Ball 2-0: Reached on error, E5 (Groundball, 56)
|
Batting: LHB Enrique Valentín
|
0-0: Ground out 2-3 (Groundball, 25) Domingo Matos to second
|
Batting: RHB Raúl Salas
|
0-0: Swinging Strike 0-1: Ground out 5-3 (Groundball, 56S) Domingo Matos to third
|
Batting: RHB Santo Cruz
|
0-0: Ball 1-0: Called Strike 1-1: Called Strike 1-2: SINGLE (Groundball, 56D) Domingo Matos scores
|
Batting: RHB Mario Beltrán
|
0-0: Called Strike 0-1: Ball 1-1: Foul Ball, location: 2F 1-2: Ball Santo Cruz steals 2nd base 2-2: Strikes out looking
|
Top of the 3rd over - 1 run(s), 1 hit(s), 1 error(s), 1 left on base; Houston 1 - Las Vegas 1 |
BOTTOM OF THE 3RD |
Las Vegas Stars batting - Pitching for Houston Hammertime : RHP Carlos Fernández
|
Batting: RHB Ryan Campbell
|
0-0: Called Strike 0-1: Foul Ball, location: 2F 0-2: Ball 1-2: Strikes out looking
|
Batting: RHB Matthieu Vancini
|
0-0: Fly out, F7 (Flyball, 7M)
|
Batting: LHB Eliot Helen
|
0-0: Ball 1-0: Foul Ball, location: 2F 1-1: Swinging Strike 1-2: Strikes out swinging
|
Bottom of the 3rd over - 0 run(s), 0 hit(s), 0 error(s), 0 left on base; Houston 1 - Las Vegas 1 |
TOP OF THE 4TH |
Houston Hammertime batting - Pitching for Las Vegas Stars : RHP Ramón Pérez
|
Batting: LHB José Villegas
|
0-0: Ball 1-0: SINGLE (Flyball, 7LS)
|
Batting: RHB Aaron Wilson
|
0-0: Ground out 6-3 (Groundball, 56) José Villegas to second
|
Batting: LHB Fernando Camacho
|
0-0: Ball 1-0: Ball 2-0: Ground out U3 (Groundball, 3S) José Villegas to third
|
Batting: LHB Juan Cabañas
|
0-0: Called Strike 0-1: Called Strike 0-2: Strikes out looking
|
Top of the 4th over - 0 run(s), 1 hit(s), 0 error(s), 1 left on base; Houston 1 - Las Vegas 1 |
BOTTOM OF THE 4TH |
Las Vegas Stars batting - Pitching for Houston Hammertime : RHP Carlos Fernández
|
Batting: LHB Mike Mitchell
|
0-0: Ball 1-0: Called Strike 1-1: Ball 2-1: Called Strike 2-2: Ground out 6-3 (Groundball, 6)
|
Batting: SHB Sloan James
|
0-0: Ball 1-0: Ball 2-0: Ball 3-0: Called Strike 3-1: Ground out 3-1 (Groundball, 3L)
|
Batting: RHB Xin Zhang
|
0-0: Called Strike 0-1: Ball 1-1: Ball 2-1: Ball 3-1: Foul Ball, location: 2F 3-2: Ground out 5-3 (Groundball, 5S)
|
Bottom of the 4th over - 0 run(s), 0 hit(s), 0 error(s), 0 left on base; Houston 1 - Las Vegas 1 |
TOP OF THE 5TH |
Houston Hammertime batting - Pitching for Las Vegas Stars : RHP Ramón Pérez
|
Batting: RHB Domingo Matos
|
0-0: Ball 1-0: Fly out, F5 (Line Drive, 5)
|
Batting: LHB Enrique Valentín
|
0-0: Swinging Strike 0-1: Foul Ball, location: 2F 0-2: Strikes out looking
|
Batting: RHB Raúl Salas
|
0-0: Ball 1-0: Foul Ball, location: 2F 1-1: Ball 2-1: Swinging Strike 2-2: Foul Ball, location: 2F 2-2: Foul Ball, location: 2F 2-2: Ball 3-2: Strikes out looking
|
Top of the 5th over - 0 run(s), 0 hit(s), 0 error(s), 0 left on base; Houston 1 - Las Vegas 1 |
BOTTOM OF THE 5TH |
Las Vegas Stars batting - Pitching for Houston Hammertime : RHP Carlos Fernández
|
Batting: LHB Fernando De La Cruz
|
0-0: Called Strike 0-1: Swinging Strike 0-2: Ball 1-2: Ball 2-2: Strikes out swinging
|
Batting: RHB Bill McGrath
|
0-0: Called Strike 0-1: Foul Ball, location: 2F 0-2: Foul Ball, location: 2F 0-2: Ball 1-2: Ball 2-2: Strikes out swinging
|
Batting: RHB Orlando García
|
0-0: Ball 1-0: Ball 2-0: Ground out 6-3 (Groundball, 6)
|
Bottom of the 5th over - 0 run(s), 0 hit(s), 0 error(s), 0 left on base; Houston 1 - Las Vegas 1 |
TOP OF THE 6TH |
Houston Hammertime batting - Pitching for Las Vegas Stars : RHP Ramón Pérez
|
Batting: RHB Santo Cruz
|
0-0: Ball 1-0: Called Strike 1-1: Foul Ball, location: 2F 1-2: Ball 2-2: Strikes out swinging
|
Batting: RHB Mario Beltrán
|
0-0: Foul Ball, location: 2F 0-1: Ball 1-1: Ball 2-1: Called Strike 2-2: Ball 3-2: Foul Ball, location: 2F 3-2: Base on Balls
|
Pitching: RHP Nam-cheol Chong
|
|
Batting: LHB José Villegas
|
0-0: Ball 1-0: Fly out, F6 (Popup, 6M)
|
Batting: RHB Aaron Wilson
|
0-0: Foul Ball, location: 2F 0-1: Ball 1-1: Called Strike 1-2: Strikes out swinging
|
Top of the 6th over - 0 run(s), 0 hit(s), 0 error(s), 1 left on base; Houston 1 - Las Vegas 1 |
BOTTOM OF THE 6TH |
Las Vegas Stars batting - Pitching for Houston Hammertime : RHP Carlos Fernández
|
Batting: RHB Ryan Campbell
|
0-0: Ball 1-0: Ball 2-0: Ball 3-0: Base on Balls
|
Batting: RHB Matthieu Vancini
|
0-0: Called Strike 0-1: Ball 1-1: Ball 2-1: Ball 3-1: Swinging Strike 3-2: SINGLE (Groundball, 13S) (infield hit) Ryan Campbell to second
|
Batting: LHB Eliot Helen
|
0-0: Called Strike 0-1: Ball 1-1: Fly out, F9 (Line Drive, 9M)
|
Batting: LHB Mike Mitchell
|
0-0: Called Strike 0-1: Ball 1-1: Swinging Strike 1-2: 3-RUN HOME RUN (Flyball, 9D), Distance : 415 ft
|
Batting: SHB Sloan James
|
0-0: Foul Ball, location: 2F 0-1: Foul Ball, location: 2F 0-2: Foul Ball, location: 2F 0-2: Strikes out swinging
|
Batting: RHB Xin Zhang
|
0-0: Ball 1-0: Ball 2-0: Ball 3-0: Called Strike 3-1: Swinging Strike 3-2: Strikes out swinging
|
Bottom of the 6th over - 3 run(s), 2 hit(s), 0 error(s), 0 left on base; Houston 1 - Las Vegas 4 |
TOP OF THE 7TH |
Houston Hammertime batting - Pitching for Las Vegas Stars : RHP Nam-cheol Chong
|
Batting: LHB Fernando Camacho
|
0-0: Foul Ball, location: 2F 0-1: Ball 1-1: Ball 2-1: Reached on error, E4 (Groundball, 4)
|
Batting: LHB Juan Cabañas
|
0-0: Ball 1-0: Foul Ball, location: 2F 1-1: Foul Ball, location: 2F 1-2: Ball 2-2: Foul Ball, location: 2F 2-2: Ball 3-2: SINGLE (Line Drive, 89M) Fernando Camacho to second
|
Batting: RHB Domingo Matos
|
0-0: Called Strike 0-1: Ground out 5-3 (Groundball, 5S) Fernando Camacho to third Juan Cabañas to second
|
Batting: LHB Enrique Valentín
|
0-0: Fly out, F6 (Popup, 56D)
|
Batting: RHB Raúl Salas
|
0-0: Ball 1-0: DOUBLE (Flyball, 8LXD) Fernando Camacho scores Juan Cabañas scores
|
Batting: RHB Santo Cruz
|
0-0: Called Strike 0-1: Ball 1-1: Ball 2-1: Ball 3-1: Called Strike 3-2: Fly out, F6 (Popup, 6MS)
|
Top of the 7th over - 2 run(s), 2 hit(s), 1 error(s), 1 left on base; Houston 3 - Las Vegas 4 |
BOTTOM OF THE 7TH |
Las Vegas Stars batting - Pitching for Houston Hammertime : RHP Carlos Fernández
|
Pitching: RHP António Mata
|
|
Batting: LHB Fernando De La Cruz
|
0-0: Ball 1-0: Ground out 4-3 (Groundball, 4)
|
Batting: RHB Bill McGrath
|
0-0: Ball 1-0: Foul Ball, location: 2F 1-1: Reached on error, E6 (Groundball, 6)
|
Pinch Hitting: LHB Evan Slootweg
|
0-0: Foul Ball, location: 2F 0-1: Foul Ball, location: 2F 0-2: Ball 1-2: Strikes out looking
|
Pinch Hitting: RHB Ron Shelton
|
0-0: Ball 1-0: Ball 2-0: Foul Ball, location: 2F 2-1: Swinging Strike 2-2: Strikes out swinging
|
Bottom of the 7th over - 0 run(s), 0 hit(s), 1 error(s), 1 left on base; Houston 3 - Las Vegas 4 |
TOP OF THE 8TH |
Houston Hammertime batting - Pitching for Las Vegas Stars : RHP Nam-cheol Chong
|
Pitching: RHP Wayne Barksdale
|
|
Now at 1B: Ron Shelton
|
|
Now at 2B: Joe Scott
|
|
Batting: RHB Mario Beltrán
|
0-0: Ball 1-0: Called Strike 1-1: Swinging Strike 1-2: Strikes out looking
|
Batting: LHB José Villegas
|
0-0: Swinging Strike 0-1: Swinging Strike 0-2: Foul Ball, location: 2F 0-2: Ball 1-2: Strikes out looking
|
Batting: RHB Aaron Wilson
|
0-0: Ball 1-0: Called Strike 1-1: Ball 2-1: Fly out, F7 (Flyball, 78M)
|
Top of the 8th over - 0 run(s), 0 hit(s), 0 error(s), 0 left on base; Houston 3 - Las Vegas 4 |
BOTTOM OF THE 8TH |
Las Vegas Stars batting - Pitching for Houston Hammertime : RHP António Mata
|
Batting: RHB Matthieu Vancini
|
0-0: Fly out, F9 (Flyball, 89D)
|
Batting: LHB Eliot Helen
|
0-0: DOUBLE (Flyball, 78XD)
|
Batting: LHB Mike Mitchell
|
0-0: Intentional Walk
|
Batting: SHB Sloan James
|
0-0: Fly out, F9 (Flyball, 89M)
|
Batting: RHB Xin Zhang
|
0-0: Ball 1-0: Called Strike 1-1: Ball 2-1: Foul Ball, location: 2F 2-2: Foul Ball, location: 2F 2-2: SINGLE (Line Drive, 34) Eliot Helen to third Mike Mitchell to second Runner from 3rd tries for Home, SAFE, no throw or cutoff
|
Batting: LHB Fernando De La Cruz
|
0-0: Foul Ball, location: 2F 0-1: Ball 1-1: Swinging Strike 1-2: SINGLE (Groundball, 4MD) Mike Mitchell to third Xin Zhang to second Runner from 3rd tries for Home, SAFE, no throw or cutoff
|
Pitching: RHP Ricardo Ontiveros
|
|
Batting: RHB Bill McGrath
|
0-0: Swinging Strike 0-1: Ground out 4-3 (Groundball, 4)
|
Bottom of the 8th over - 2 run(s), 3 hit(s), 0 error(s), 2 left on base; Houston 3 - Las Vegas 6 |
TOP OF THE 9TH |
Houston Hammertime batting - Pitching for Las Vegas Stars : RHP Wayne Barksdale
|
Pitching: RHP António Martínez
|
|
Batting: LHB Fernando Camacho
|
0-0: Fly out, F4 (Popup, 4M)
|
Batting: LHB Juan Cabañas
|
0-0: Called Strike 0-1: Called Strike 0-2: Foul Ball, location: 2F 0-2: Fly out, F9 (Flyball, 89M)
|
Batting: RHB Domingo Matos
|
0-0: Ball 1-0: Ball 2-0: DOUBLE (Line Drive, 5D)
|
Batting: LHB Enrique Valentín
|
0-0: Ball 1-0: Foul Ball, location: 2F 1-1: SINGLE (Groundball, 4MD) Domingo Matos to third Runner from 3rd tries for Home, SAFE, no throw or cutoff
|
Batting: RHB Raúl Salas
|
0-0: Called Strike 0-1: Fielders Choice at 2nd, U4 (Groundball, 4M)
|
Top of the 9th over - 1 run(s), 2 hit(s), 0 error(s), 1 left on base; Houston 4 - Las Vegas 6 |
|